 Dungeon Crawl Stone Soup version 0.29-a0-284-gf9362112df (webtiles) character file.

Game seed: 16851389297901072566

114 silky the Cudgeller (level 4, -1/36 HPs)
             Began as a Minotaur Chaos Knight on Mar 30, 2022.
             Was a Plaything of Xom.
             Killed by nerve-wracking pain
             ... invoked by an orc priest
              (11 damage)
             ... on level 3 of the Dungeon.
             The game lasted 00:05:43 (1593 turns).

silky the Cudgeller (Minotaur Chaos Knight)         Turns: 1593, Time: 00:05:44

Health: -1/36      AC: 12    Str: 18    XL:     4   Next: 66%
Magic:  3/3        EV:  7    Int:  9    God:    Xom [.*....]
Gold:   120        SH:  0    Dex:  8    Spells: 1/3 levels left

rFire   . . .      SeeInvis .   a - +0 mace (chaos)
rCold   . . .      Faith    +   (no shield)
rNeg    . . .      Spirit   .   d - +0 chain mail
rPois   .          Reflect  .   (helmet restricted)
rElec   .          Harm     .   (no cloak)
rCorr   .          Rampage  .   m - +2 pair of gloves
Will    .....      Rnd*Tele +   (no boots)
Stlth   ..........              g - amulet of faith
HPRegen 0.12/turn               (no ring)
MPRegen 0.08/turn               (no ring)

@: no status effects
A: horns 2, retaliatory headbutt, clumsy 1, frail 1, teleportitis 1, devolution
1
a: Renounce Religion


You were on level 3 of the Dungeon.
You worshipped Xom.
You were a plaything of Xom.
You visited 1 branch of the dungeon, and saw 3 of its levels.

You collected 120 gold pieces.

Inventory:

Hand Weapons
 a - a +0 mace of chaos (weapon)
Armour
 d - a +0 chain mail (worn)
 m - a +2 pair of gloves (worn)
Jewellery
 g - an amulet of faith (around neck)
Wands
 k - a wand of paralysis (7)
Scrolls
 j - a scroll of fog
Potions
 b - a potion of degeneration {unknown}
 e - 2 potions of heal wounds
 f - a potion of brilliance {unknown}
 h - a potion of curing {unknown}
 l - a potion of attraction {unknown}
Miscellaneous
 c - a piece from Xom's chessboard (15/15) (quivered)
 i - a piece from Xom's chessboard (15/15)


   Skills:
 + Level 4.5 Fighting
 + Level 5.1 Maces & Flails
 + Level 3.4 Armour
 + Level 1.2 Dodging
 + Level 1.0 Stealth


You had one spell level left.
You knew the following spells:

 Your Spells              Type           Power      Damage    Failure   Level
a - Wereblood             Tmut           0%         N/A       100%        2

Your spell library contained the following spells:

 Spells                   Type           Power      Damage    Failure   Level
 Beastly Appendage        Tmut           0%         N/A       99%         1
 Slow                     Hex            0%         N/A       99%         1
 Confusing Touch          Hex            0%         N/A       100%        3
 Spider Form              Tmut/Pois      0%         N/A       100%        3
 Vampiric Draining        Necr           0%         2d6       100%        3


Dungeon Overview and Level Annotations

Branches:
Dungeon (3/15)

Altars:
Uskayaw
Xom

Shops:
D:2 [

Annotations:
D:1 ahhh


Innate Abilities, Weirdness & Mutations

You have a pair of horns on your head.
You reflexively headbutt those who attack you in melee.
You are clumsy. (Dex -2)
You are frail. (-10% HP)
You are occasionally teleported next to monsters.
You have hidden genetic defects.


Message History

Found a piece from Xom's chessboard (15/15).
Found a shimmering altar of Xom.
You see here a +0 dagger.
h - a brown potion
There is a shimmering altar of Xom here.
You see here a piece from Xom's chessboard (15/15).
i - a piece from Xom's chessboard (15/15)
n - a scroll of identify
There are no items here.
Found a hide-covered altar of Uskayaw.
You completely miss the butterfly. Your headbutt misses the butterfly.
You start waiting.
Xom makes a sudden noise!
You hear a piteous moan.
You hear an angry hiss.
You hear a shout! x3; You hear an angry hiss.
You hear a shout!
As you read the scroll of identify, it crumbles to dust.
e - 2 potions of heal wounds
Found a falchion.
An endoplasm comes into view.
The endoplasm quivers.
The endoplasm moves out of view.
An orc priest comes into view. It is wielding a +0 club.
The orc priest shouts!
An orc comes into view. It is wielding a +0 dagger.
An orc comes into view. It is wielding a +0 mace.
The orc shouts!
The orc priest mumbles some strange prayers to Beogh against you.
Beogh smites you!
The orc moves out of view.
An orc comes into view. It is wielding a +0 whip.
The endoplasm attacks as you move away!
The endoplasm hits you but does no damage.
The orc priest calls down the wrath of Beogh upon you.
Beogh smites you!
* * * LOW HITPOINT WARNING * * *
You hit the endoplasm. You headbutt the endoplasm.
You kill the endoplasm!
The orc priest mumbles some strange prayers to Beogh against you.
Pain shoots through your body!
You die...
Xom thinks this is hilarious!

##..............#
#........_..###.# .
##.........## #.## ..
#.........## #..##
...####....b.##.#####...#
...................(.....
..o.♣♣.♣♣...##.#.###....
♣bo♣.♣..♣..#.#.# #..#.
♣o..@.♣♣..#.# ###.##.
#..o..._......#.# #.<# .
#..♣♣.....♣♣..#.# #.## #
♣..♣)♣..♣....# #.#
...♣♣.♣♣...#### #.# ....
... ..## ... ##.. ..##
### ... ### ## ##.## #.#


You could see an orc priest and 3 orcs.

Vanquished Creatures
  A boggart (D:2)
  2 dart slugs (D:1)
  4 endoplasms
  2 giant cockroaches (D:1)
  2 goblins
  A hobgoblin (D:1)
  2 jackals (D:1)
  2 kobolds (D:1)
  A quokka (D:1)
  5 ball pythons
  3 bats
  2 frilled lizards (D:1)
  A rat (D:1)
28 creatures vanquished.

Notes
Turn   | Place    | Note
-------+----------+-------------------------------------------
     0 | D:1      | silky the Minotaur Chaos Knight began the quest for the
                  | Orb.
     0 | D:1      | Reached XP level 1. HP: 19/19 MP: 0/0
   176 | D:1      | Reached XP level 2. HP: 27/27 MP: 1/1
   185 | D:1      | XOM: potion effect (brilliance)
   202 | D:1      | Reached skill level 4 in Maces & Flails
   211 | D:1      | XOM: silly message
   272 | D:1      | XOM: god gift: 16 stones
   430 | D:1      | XOM: scenery: summon butterflies
   565 | D:1      | XOM: scenery: summon butterflies
   734 | D:1      | XOM: give mutations
   734 | D:1      | Gained mutation: You occasionally shout uncontrollably at
                  | your foes. [Xom's mischief]
   734 | D:1      | Gained mutation: You are clumsy. (Dex -2) [Xom's mischief]
   734 | D:1      | Gained mutation: You are occasionally teleported next to
                  | monsters. [Xom's mischief]
   751 | D:2      | Reached XP level 3. HP: 33/33 MP: 2/2
   848 | D:2      | Learned a level 2 spell: Wereblood
   882 | D:2      | Found Rysal's Antique Armour Emporium.
   899 | D:2      | XOM: god gift: scroll labelled MAGI JEDOAR {god gift}
   948 | D:2      | XOM: god gift: wand of paralysis (8)
  1014 | D:2      | Found a faded altar of an unknown god.
  1040 | D:2      | XOM is BORED!
  1040 | D:2      | XOM: give mutations
  1040 | D:2      | Lost mutation: You occasionally shout uncontrollably at
                  | your foes. [Xom's mischief]
  1040 | D:2      | Gained mutation: You have hidden genetic defects. [Xom's
                  | mischief]
  1112 | D:2      | Noticed Sigmund
  1123 | D:2      | Noticed Sigmund
  1123 | D:2      | Sigmund changed into Sigmund the boggart
  1124 | D:2      | Killed Sigmund the boggart
  1125 | D:2      | Reached skill level 5 in Maces & Flails
  1125 | D:2      | Reached skill level 1 in Stealth
  1125 | D:2      | Reached XP level 4. HP: 41/41 MP: 3/3
  1138 | D:2      | Gained mutation: You are frail. (-10% HP) [hidden defects]
  1249 | D:2      | XOM: cloud trail
  1488 | D:3      | Found a shimmering altar of Xom.
  1504 | D:3      | Found a hide-covered altar of Uskayaw.
  1583 | D:3      | XOM: noise
  1593 | D:3      | Killed from afar by an orc priest

Illustrated notes

Levels and vault maps discovered:
D:1:      eino_arrival_water_cross, layout_loops_cross
D:2:      layout_loops_ring, hellmonk_ecumenical_altar_heavens_door,
          serial_shops, shop, kennysheep_path_1, chequers_serial_rivers_room_b,
          uniq_sigmund
D:3:      layout_loops_corners, mainiacjoe_overflow_small_starburst,
          elyvilon_altar_1, mainiacjoe_overflow_alcove_2,
          mainiacjoe_overflow_tiny_flanked, xom_butterflies, chequers_avenue

Skill      XL: |  1  2  3 |
---------------+----------+-----
Fighting       | 4 |  4.5
Maces & Flails | 4 5 |  5.1
Armour         | 3 |  3.4
Stealth        | 1 |  1.0
Dodging        | |  1.2

Action                   |  1- 3 |  4- 6 || total
-------------------------+-------+-------++-------
Melee: Mace              |    59 |     4 ||    63
       Headbutt          |     4 |     1 ||     5
       Punch             |     1 |       ||     1
Evoke: Wand              |     1 |       ||     1
  Use: Scroll            |     1 |     4 ||     5
 Stab: Paralysed         |     6 |       ||     6
Armor: Chain mail        |    34 |     3 ||    37
       Leather armour    |     1 |       ||     1
Dodge: Dodged            |    22 |       ||    22

Table legend: (Time is in decaauts)
 A = Elapsed time spent in this place.
 B = Non-inter-level travel time spent in this place.
 C = Inter-level travel time spent in this place.
 D = Time resting spent in this place.
 E = Time spent auto-exploring this place.
 F = Levels seen in this place.
 G = Mean time per level.
                   A        B        C        D        E       F      G
               +--------+--------+--------+--------+--------+-----+--------+
         Total |   1607 |   1549 |     58 |     76 |   1082 |   3 |  535.7 |
       Dungeon |   1607 |   1549 |     58 |     76 |   1082 |   3 |  535.7 |
               +--------+--------+--------+--------+--------+-----+--------+

Top non-repeatable levels by time:
     D:1: 752 daAuts
     D:2: 737 daAuts
     D:3: 118 daAuts
